 Dungeon Crawl Stone Soup version 0.30-a0-778-g2ef04afb54 (webtiles) character file.

Game seed: 6034102827369460503

4 Esekla the Sneak (level 1, -2/16 HPs)
             Began as an Octopode Delver on Feb 16, 2023.
             Slain by a phantom (7 damage)
             ... on level 5 of the Dungeon.
             The game lasted 00:02:07 (210 turns).

Esekla the Sneak (Octopode Delver)                   Turns: 210, Time: 00:02:08

Health: -2/16      AC:  1    Str: 11    XL:     1   Next: 60%
Magic:  1/1        EV: 13    Int: 12    God:
Gold:   13         SH:  0    Dex: 13    Spells: 0/0 levels left

rFire   . . .      SeeInvis .    a - +0 falchion
rCold   . . .      Faith    .    (no shield)
rNeg    . . .      Spirit   .    (helmet restricted)
rPois   .          Reflect  .    (no amulet)
rElec   .          Harm     .    (no ring)
rCorr   .          Rampage  .    (no ring)
Will    .....                    (no ring)
Stlth   ++++                     (no ring)
HPRegen 0.22/turn                (no ring)
MPRegen 0.07/turn                (no ring)
                                 (no ring)
                                 (no ring)

@: no status effects
A: almost no armour, amphibious, 8 rings, camouflage 1, gelatinous body 1,
(nimble swimmer 1), tentacles
a: no special abilities


You were on level 5 of the Dungeon.
You visited 2 branches of the dungeon, and saw 2 of its levels.

You collected 13 gold pieces.

Inventory:

Hand Weapons
 a - a +0 falchion (weapon)
Jewellery
 g - a ring of willpower
Wands
 f - a wand of digging (3)
Scrolls
 b - a scroll of fog
 c - a scroll of magic mapping


   Skills:
 + Level 3.0 Fighting
 + Level 2.0 Long Blades
 + Level 2.0 Dodging
 + Level 6.8 Stealth


You couldn't memorise any spells.
You didn't know any spells.
Your spell library was empty.

Dungeon Overview and Level Annotations

Branches:
Dungeon (5/15)             Temple (1/1) D:5

Altars:
Ashenzari
Cheibriados
Dithmenos
Elyvilon
Fedhas
Hepliaklqana
Makhleb
Nemelex Xobeh
Okawaru
Qazlal
Ru
Sif Muna
Vehumet
Xom
Zin


Innate Abilities, Weirdness & Mutations

You cannot wear most types of armour.
You are amphibious.
You can wear up to eight rings at the same time.
Your skin changes colour to match your surroundings (Stealth+).
Your rubbery body absorbs attacks. (AC +1, EV +1)
((You are camouflaged when in or above water. (Stealth+)))
You have tentacles for arms and can constrict up to eight enemies at once.


Message History

You enter the deep water.
Found a shadowy altar of Dithmenos.
Found a broken altar of Ashenzari.
Found a stormy altar of Qazlal and a radiant altar of Vehumet.
Found a snail-covered altar of Cheibriados.
There is a stormy altar of Qazlal here.
Found a shimmering blue altar of Sif Muna.
Found a burning altar of Makhleb.
Found a staircase back to the Dungeon.
There is a shimmering blue altar of Sif Muna here.
Found a sparkling altar of Nemelex Xobeh.
Found a white marble altar of Elyvilon.
Done exploring.
(D) Dungeon (T) Temple
Where to? (? - help)
There is a staircase back to the Dungeon here.
You climb upwards.
The phantom hits you!
Ouch! That really hurt!
The phantom blinks!
You blink.
As you read the scroll of fear, it crumbles to dust.
You assume a fearsome visage.
The ogre looks frightened!
The phantom is unaffected.
The orc priest looks frightened!
The phantom closely misses you.
You aren't carrying any potions.
Unknown command.
You aren't carrying any potions.
The phantom attacks as you move away! The phantom hits you!
* * * LOW HITPOINT WARNING * * *
You closely miss the phantom.
The orc shouts!
You squeeze the phantom, but do no damage.
The phantom barely misses you. The phantom attacks as you move away!
The phantom barely misses you. The phantom attacks as you move away!
The phantom misses you.
An ogre and an orc come into view.
The orc moves out of view.
The ogre shouts!
The phantom attacks as you move away! The phantom misses you.
The orc shouts!
The phantom attacks as you move away! The phantom hits you!
You die...

* #.##...#####....#...#....#**,,*
* #o.)o#** ####..........#***,*
##o.### ##^#.#..##..,,*,*
##...#############.o....#*##*,,,*
#....)..O.......###.#.### ***,*
#..############.#..o..#*####***,,
#..* #.........O####....,,,,,
###* #.....#.W#.........,,,,,
****** #......@###O..####,*,*,,
*,,,,*** #.............#,,**,,*,*
****,,,**#.....#####.o.#,,,,,,,,,
***,,..<....#####.#.###,,*,*,,
***#.######.....#.o.#*,,,,,,
***** *,,.........###..#**,_,,,
*,,,* ***####..##.####..#******
,,,,* **,,,....**#.>.###..#****,
**,** *,,*####** ###........,,,,


You could see an ogre, a phantom, an orc priest and 2 orcs.

Vanquished Creatures
  2 orcs (D:5)
2 creatures vanquished.

Notes
Turn   | Place    | Note
-------+----------+-------------------------------------------
     0 | D:5      | Esekla the Octopode Delver began the quest for the Orb.
     0 | D:5      | Reached XP level 1. HP: 16/16 MP: 1/1
    17 | D:5      | Noticed an ogre
    33 | D:5      | Found a hazy altar of Hepliaklqana.
    37 | D:5      | Noticed an orc priest
    70 | D:5      | Noticed an ogre
    76 | D:5      | Found a staircase to the Ecumenical Temple.
    77 | D:5      | Noticed a phantom
    85 | Temple   | Entered the Ecumenical Temple
   195 | D:5      | Noticed an orc priest
   206 | D:5      | Noticed an ogre
   210 | D:5      | Slain by a phantom

Illustrated notes

Levels and vault maps discovered:
D:5:      layout_rooms, nicolae_overflow_hidden_temple,
          minmay_temple_entry_sparse_star, minmay_ruined_shrine
Temple:   nicolae_temple_superstar

Action                     || total
---------------------------++-------
  Melee: Falchion          ||     3
         Tentacles         ||     1
    Use: Scroll            ||     2
         Potion            ||     1
  Dodge: Dodged            ||     7

Table legend: (Time is in decaauts)
 A = Elapsed time spent in this place.
 B = Non-inter-level travel time spent in this place.
 C = Inter-level travel time spent in this place.
 D = Time resting spent in this place.
 E = Time spent auto-exploring this place.
 F = Levels seen in this place.
 G = Mean time per level.
                   A        B        C        D        E       F      G
               +--------+--------+--------+--------+--------+-----+--------+
         Total |    191 |    189 |      2 |      0 |     79 |   2 |   95.5 |
       Dungeon |     86 |     86 |      0 |      0 |      0 |   1 |   86.0 |
        Temple |    104 |    102 |      2 |      0 |     79 |   1 |  104.0 |
               +--------+--------+--------+--------+--------+-----+--------+

Top non-repeatable levels by time:
  Temple: 104 daAuts
     D:5: 86 daAuts
